 Dungeon Crawl Stone Soup version 0.27-a0-1087-gf39c287674 (webtiles) character file.

Game seed: 6920688597876834795

40 Gaff the Magician (level 3, -5/25 HPs)
             Began as a Djinni Venom Mage on Apr 26, 2021.
             Was a Believer of Zin.
             Killed from afar by Ijyb (7 damage)
             ... with an iceblast
             ... on level 3 of the Dungeon.
             The game lasted 00:04:22 (2824 turns).

Gaff the Magician (Djinni Venom Mage)               Turns: 2824, Time: 00:04:23

Health: -5/25      AC:  4    Str:  7    XL:     3   Next: 50%
Gold:   82         EV: 12    Int: 17    God:    Zin [**....] SH:  0 Dex: 13

rFire    + + .     SeeInvis .   h - +0 short sword
rCold    x . .     Faith    .   (no shield)
rNeg     . . .     Spirit   .   a - +0 robe
rPois    ∞         Reflect  .   g - +2 hat
rElec    .         Harm     .   (no cloak)
rCorr    .         Rampage  .   (no gloves)
Will     .....                  (boots unavailable)
Stlth    ++........             (no amulet)
HPRegen  0.08/turn              (no ring)
MPRegen  0.00/turn              (no ring)

@: flying
A: fire resistance 2, cold vulnerability 1, float, innate caster, hp casting,
extra vitality 1
a: Renounce Religion, Recite, Vitalisation, Donate Gold


You were on level 3 of the Dungeon.
You worshipped Zin.
Zin was pleased with you.
You visited 1 branch of the dungeon, and saw 3 of its levels.

You collected 91 gold pieces.
You donated 9 gold pieces to Zin.

Inventory:

Hand Weapons
 c - a +0 dagger
 h - a +0 short sword (weapon)
Missiles
 d - 18 stones
Armour
 a - a +0 robe (worn)
 g - a +2 hat (worn)
Wands
 l - a wand of flame (15)
Scrolls
 b - a scroll of enchant weapon {unknown}
 e - a scroll of summoning {unknown}
 i - 2 scrolls of immolation {unknown}
 j - a scroll of teleportation {unknown}
Potions
 f - a potion of lignification {unknown}
 k - a potion of haste {unknown}


   Skills:
 + Level 0.5 Armour
 - Level 2.3 Dodging
 - Level 2.0 Stealth
 * Level 3.4 Spellcasting


You couldn't memorise any spells.
You knew the following spells:

 Your Spells              Type           Power      Damage    Failure   Level
a - Sting                 Tmut/Pois      56%        1d5       4%          1
b - Poisonous Vapours     Pois/Air       28%        N/A       6%          2
c - Mephitic Cloud        Conj/Pois/Air  14%        N/A       12%         3
d - Ignite Poison         Fire/Tmut/Pois 14%        N/A       12%         3
e - Olgreb's Toxic Radia  Pois           14%        N/A       36%         4
f - Corona                Hex            15%        N/A       4%          1
Your spell library was empty.

Dungeon Overview and Level Annotations

Branches:
Dungeon (3/15)

Altars:
Zin

Shops:
D:1 *

Annotations:
D:3 Ijyb


Innate Abilities, Weirdness & Mutations

You are immune to poison.
Your flesh is very heat resistant. (rF++)
You are vulnerable to cold. (rC-)
You float through the air rather than walking.
You learn spells naturally, not from books.
Your magical power is your life essence.
You have superior vitality. (+4 HP)


Message History

Poisonous vapours surround the frilled lizard!
The frilled lizard hisses angrily.
The frilled lizard is engulfed in poison gas.
The frilled lizard is poisoned.
You kill the frilled lizard!
You start resting.
HP restored.
You see here a frilled lizard corpse.
You see here a frilled lizard corpse.
Ijyb is nearby!
Aiming: Poisonous Vapours (safe; 6% risk of failure)
Press: ? - help, Q - select action, (/) - cycle Dir - move target, f - Ijyb
Aim: Ijyb, wielding a +0 dagger, wearing a +0 scale mail and carrying a wand of iceblast (5) (wandering, hasn't noticed you) Poisonous vapours surround Ijyb!
Ijyb shouts!
Ijyb is poisoned.
Ijyb zaps a wand.
The mass of ice explodes!
The iceblast engulfs you!
You feel a painful chill!
Ouch! That really hurt!
* * * LOW HITPOINT WARNING * * *
You hear a shout!
Aiming: Poisonous Vapours (safe; 6% risk of failure)
Press: ? - help, Q - select action, (/) - cycle Dir - move target, f/p - Ijyb
Aim: Ijyb, wielding a +0 dagger, wearing a +0 scale mail and carrying a wand of iceblast (4) (poisoned) Poisonous vapours surround Ijyb!
* * * LOW HITPOINT WARNING * * *
Ijyb is engulfed in poison gas.
Ijyb looks even sicker.
Aiming: Poisonous Vapours (safe; 6% risk of failure)
Press: ? - help, Q - select action, (/) - cycle Dir - move target, f/p - Ijyb
Aim: Ijyb, wielding a +0 dagger, wearing a +0 scale mail and carrying a wand of iceblast (4) (heavily wounded, very poisoned) Poisonous vapours surround Ijyb!
* * * LOW HITPOINT WARNING * * *
Ijyb is engulfed in poison gas.
Ijyb looks even sicker.
Aiming: Poisonous Vapours (safe; 6% risk of failure)
Press: ? - help, Q - select action, (/) - cycle Dir - move target, f/p - Ijyb
Aim: Ijyb, wielding a +0 dagger, wearing a +0 scale mail and carrying a wand of iceblast (4) (heavily wounded, very poisoned) Poisonous vapours surround Ijyb!
* * * LOW HITPOINT WARNING * * *
Ijyb looks as sick as possible!
Ijyb zaps a wand.
The mass of ice explodes!
The iceblast engulfs you!
You feel a painful chill!
You die...

.. #. ... ##.######
... .......### #.#
#### ........
...#... .....#
#####.#.## ....
..........
###.###.########.##
#.@.....# #....#.#
#.#.#######.##.#.##
#.#.........†..#...
#.#########.####...
.g ########........
.. #[............##
... #.............#
... #.............#
###############


You could see Ijyb (extremely poisoned).

Vanquished Creatures
  An adder (D:2)
  2 ball pythons (D:1)
  A bat (D:1)
  2 endoplasms (D:2)
  A giant cockroach (D:2)
  A goblin (D:1)
  2 hobgoblins
  2 jackals (D:1)
  2 quokkas (D:1)
  A frilled lizard (D:3)
  5 kobolds
  11 rats
31 creatures vanquished.

Notes
Turn   | Place    | Note
-------+----------+-------------------------------------------
     0 | D:1      | Gaff the Djinni Venom Mage began the quest for the Orb.
     0 | D:1      | Reached XP level 1. HP: 15/15 MP: 0/0
   287 | D:1      | Reached XP level 2. HP: 15/21 MP: 0/0
   365 | D:1      | Reached skill level 3 in Spellcasting
  1290 | D:1      | Found Moathrez's Assorted Antiques.
  1722 | D:2      | Found a faded altar of an unknown god.
  1730 | D:2      | Reached XP level 3. HP: 21/25 MP: 0/0
  1730 | D:2      | Learned a level 1 spell: Corona
  1733 | D:2      | Became a worshipper of Zin the Law-Giver
  1733 | D:2      | Reached * piety under Zin
  2345 | D:3      | Reached ** piety under Zin
  2371 | D:3      | Noticed Ijyb
  2824 | D:3      | Killed from afar by Ijyb

Illustrated notes

Levels and vault maps discovered:
D:1:      tarquinn_simple_flora_water_c, layout_basic, serial_shops, shop
D:2:      layout_rooms, chequers_ecumenical_altar_simple_redux
D:3:      layout_basic, led_sif_book, serial_shops, shop_fountains, uniq_ijyb,
          uniq_grinder

Skill      XL: |  1  2 |
---------------+-------+-----
Spellcasting   | 3 |  3.4
Stealth        | 2 |  2.0
Armour         | |  0.5
Dodging        | |  2.3

Action                   || total
-------------------------++-------
Melee: Unarmed           ||     1
       Short sword       ||     5
 Cast: Sting             ||    13
       Poisonous Vapours ||    31
Armor: Robe              ||     3
Dodge: Dodged            ||    13

Table legend: (Time is in decaauts)
 A = Elapsed time spent in this place.
 B = Non-inter-level travel time spent in this place.
 C = Inter-level travel time spent in this place.
 D = Time resting spent in this place.
 E = Time spent auto-exploring this place.
 F = Levels seen in this place.
 G = Mean time per level.
                   A        B        C        D        E       F      G
               +--------+--------+--------+--------+--------+-----+--------+
         Total |   2823 |   2740 |     83 |    898 |   1565 |   3 |  941.0 |
       Dungeon |   2823 |   2740 |     83 |    898 |   1565 |   3 |  941.0 |
               +--------+--------+--------+--------+--------+-----+--------+

Top non-repeatable levels by time:
     D:1: 1508 daAuts
     D:2: 1074 daAuts
     D:3: 241 daAuts
